 Dungeon Crawl Stone Soup version 0.30-a0-223-gcb0039aa0c (webtiles) character file.

Game seed: 707434812421620134

41 qw the Chopper (level 3, -4/23 HPs)
             Began as a Gargoyle Fighter on Oct 9, 2022.
             Slain by a gnoll
             ... wielding a +0 halberd
              (6 damage)
             ... on level 2 of the Dungeon.
             The game lasted 00:00:32 (931 turns).

qw the Chopper (Gargoyle Fighter)                    Turns: 931, Time: 00:00:33

Health: -4/23      AC: 12    Str: 21    XL:     3   Next: 52%
Magic:  3/3        EV:  7    Int:  8    God:
Gold:   61         SH:  4    Dex:  9    Spells: 2/2 levels left

rFire   . . .      SeeInvis .    Y - +0 war axe
rCold   . . .      Faith    .    c - +0 buckler
rNeg    + . .      Spirit   .    m - +0 chain mail
rPois   inf        Reflect  .    (no helmet)
rElec   +          Harm     .    (no cloak)
rCorr   .          Rampage  .    (no gloves)
Will    .....                    (no boots)
Stlth   ..........               (no amulet)
HPRegen 0.23/turn                e - ring of willpower
MPRegen 0.08/turn                (no ring)

@: weak-willed
A: sickness immunity, AC +3, negative energy resistance 1, electricity
resistance, torment resistance 1, petrification resistance
a: no special abilities


You were on level 2 of the Dungeon.
You visited 1 branch of the dungeon, and saw 2 of its levels.

You collected 61 gold pieces.


Innate Abilities, Weirdness & Mutations

You are immune to sickness and miasma.
Your stone body is resilient. (AC +3)
You are immune to poison.
You resist negative energy. (rN+)
You are resistant to electric shocks. (rElec)
You are resistant to unholy torment.
You are immune to petrification.


   Skills:
 - Level 3.2 Fighting
 + Level 3.4 Axes
 - Level 3.2 Armour
 - Level 3.2 Shields


You had 2 spell levels left.
You didn't know any spells.
Your spell library was empty.

Inventory:

Hand Weapons
 f - a +0 whip
 Y - a +0 war axe (weapon)
Armour
 c - a +0 buckler (worn)
 m - a +0 chain mail (worn)
Jewellery
 e - a ring of willpower (left hand)
Potions
 a - a potion of curing
 d - a potion of might
 g - a potion of lignification {unknown}
 h - a potion of resistance {unknown}
 j - a potion of brilliance {unknown}
 l - a potion of heal wounds {unknown}

Dungeon Overview and Level Annotations

Branches:
Dungeon (2/15)

Altars:


Message History

There is a stone staircase leading down here.
You climb downwards.
The adder hisses angrily.
The gnoll shouts! x3
Found 15 gold pieces.
There is a stone staircase leading up here.
There are monsters nearby!
Existing waypoints: (2) D:1 Assign waypoint to what number? (0-9, D - delete waypoint) Waypoint 1 assigned to D:2.
Enter note: An endoplasm comes into view.
The adder bites you but does no damage.
You miss the adder. The adder closely misses you.
The adder bites you but does no damage.
You closely miss the adder. The adder barely misses you.
The gnoll hits you from afar with a +0 spear.
The adder closely misses you.
You closely miss the adder.
The gnoll hits you from afar with a +0 spear!
The adder bites you but does no damage.
You slash the adder!
You kill the adder!
You hit the gnoll.
The gnoll is heavily wounded.
The gnoll barely misses you. The gnoll hits you but does no damage.
You closely miss the gnoll.
The gnoll is heavily wounded.
The gnoll hits you but does no damage.
The gnoll hits you from afar with a +0 halberd.
The gnoll closely misses you. The gnoll completely misses you.
The gnoll hits you from afar with a +0 spear.
The gnoll barely misses you.
You barely miss the gnoll.
The gnoll is heavily wounded.
The gnoll hits you from afar with a +0 spear.
The gnoll hits you with a +0 club.
The gnoll hits you from afar with a +0 halberd.
You die...

#.# #.# #####
... ....J #
#.###.....
#.#.#......
#####.#.#.g.#
..$.......#g#
#<.@g.#
........#.#.#
#####.#.#.# #
.....#..
##########


You could see 3 gnolls.

Vanquished Creatures
  An adder (D:2)
  A dart slug (D:1)
  A bat (D:1)
  3 endoplasms (D:1)
  A giant cockroach (D:1)
  2 goblins (D:1)
  5 hobgoblins (D:1)
  2 quokkas (D:1)
  A ball python (D:1)
  5 kobolds (D:1)
  6 rats (D:1)
28 creatures vanquished.

Notes
Turn   | Place    | Note
-------+----------+-------------------------------------------
     0 | D:1      | qw the Gargoyle Fighter began the quest for the Orb.
     0 | D:1      | Reached XP level 1. HP: 14/14 MP: 1/1
     0 | D:1      | 0 ||| qw: Version: 0.2-a-17-g06abaee
     0 | D:1      | 0 ||| qw: Game counter: 2220
     0 | D:1      | 0 ||| qw: Always use a shield: true
     0 | D:1      | 0 ||| qw: God list: Okawaru
     0 | D:1      | 0 ||| qw: Allow faded altars: false
     0 | D:1      | 0 ||| qw: Do Orc after D:15 true
     0 | D:1      | 0 ||| qw: Do second Lair branch before Depths: true
     0 | D:1      | 0 ||| qw: Lair rune preference: random
     0 | D:1      | 0 ||| qw: Plans: Normal, Zot:1-4, God:TSO, Crypt, Tomb,
                  | Pan, Slime:5, Hells, Abyss, Orb
     0 | D:1      | 0 ||| PLANNING D:1-11
    22 | D:1      | 22 ||| Stepping ~*~*~tactically~*~*~ (stealth).
    23 | D:1      | 23 ||| Stepping ~*~*~tactically~*~*~ (stealth).
    36 | D:1      | 36 ||| Stepping ~*~*~tactically~*~*~ (stealth).
    51 | D:1      | 51 ||| Stepping ~*~*~tactically~*~*~ (stealth).
    61 | D:1      | 61 ||| READING scroll labelled IDU JICVARR.
    62 | D:1      | 62 ||| Stepping randomly (stuck).
    63 | D:1      | 63 ||| Stepping randomly (stuck).
    64 | D:1      | 64 ||| Stepping randomly (stuck).
    65 | D:1      | 65 ||| Stepping randomly (stuck).
    77 | D:1      | 77 ||| Stepping randomly (stuck).
   115 | D:1      | 115 ||| DRINKING 2 red potions.
   116 | D:1      | 116 ||| Stepping ~*~*~tactically~*~*~ (stealth).
   120 | D:1      | Reached XP level 2. HP: 19/19 MP: 2/2
   132 | D:1      | 132 ||| Stepping ~*~*~tactically~*~*~ (stealth).
   141 | D:1      | 141 ||| Stepping randomly (stuck).
   248 | D:1      | Reached skill level 3 in Axes
   387 | D:1      | 387 ||| UPGRADING to ring of willpower.
   388 | D:1      | 388 ||| Stepping randomly (stuck).
   389 | D:1      | 389 ||| Stepping randomly (stuck).
   390 | D:1      | 390 ||| Stepping randomly (stuck).
   391 | D:1      | 391 ||| Stepping randomly (stuck).
   419 | D:1      | Reached XP level 3. HP: 23/23 MP: 3/3
   766 | D:1      | Found a faded altar of an unknown god.
   889 | D:1      | 889 ||| UPGRADING to +0 chain mail.
   899 | D:1      | 899 ||| DROPPING +0 scale mail.
   900 | D:1      | 900 ||| READING scroll labelled TEBROS JEOJ.
   901 | D:1      | 901 ||| READING scroll labelled JASATZ CEUWA.
   931 | D:2      | HP: 3/23 [gnoll/+0 spear (6)]
   931 | D:2      | Slain by a gnoll

Levels and vault maps discovered:
D:1:      ncdulo_halloftheorcs, layout_basic,
          ebering_ecumenical_altar_petrified, nicolae_eternal_life,
          hangedman_glass_teeth, hangedman_decor_lopped
D:2:      layout_basic

Skill      XL: |  1  2 |
---------------+-------+-----
Axes           | 2 3 |  3.4
Fighting       | |  3.2
Armour         | |  3.2
Shields        | |  3.2

Action                   || total
-------------------------++-------
Melee: War axe           ||    76
  Use: Scroll            ||     3
       Potion            ||     1
Armor: Scale mail        ||    29
       Chain mail        ||     5
Dodge: Dodged            ||    37
Block: Buckler           ||    11

Table legend:
 A = Non-vault XP
 B = Vault XP
 C = Vault XP percentage of total XP
 D = Non-vault monster count
 E = Vault monster count
 F = Vault count percentage of total count
                 A         B        C        D         E       F
            +---------+---------+-------+---------+---------+-------
      Total |      59 |       0 |   0.0 |      28 |       0 |   0.0
            +---------+---------+-------+---------+---------+-------
        D:1 |      46 |       0 |   0.0 |      27 |       0 |   0.0
        D:2 |      13 |       0 |   0.0 |       1 |       0 |   0.0
            +---------+---------+-------+---------+---------+-------
